 Dungeon Crawl Stone Soup version 0.22-a0-402-ga933591 (webtiles) character file.

1147 Mgcat the Spear-Bearer (level 8, -1/65 HPs)
             Began as a Merfolk Skald on May 7, 2018.
             Was an Initiate of Gozag.
             Slain by an orc
             ... wielding a +0 club
              (3 damage)
             ... on level 5 of the Dungeon.
             The game lasted 00:27:02 (5582 turns).

Mgcat the Spear-Bearer (Merfolk Skald)              Turns: 5582, Time: 00:27:03

Health: -1/65      AC:  6    Str: 13    XL:     8   Next: 38%
Magic:  10/12      EV:  9    Int: 13    God:    Gozag
Gold:   689        SH: 14    Dex: 13    Spells: 4/12 levels left

rFire    . . .     SeeInvis .   a - +2 spear
rCold    . . .     Gourm    .   z - +2 shield
rNeg     . . .     Faith    .   b - +3 leather armour
rPois    .         Spirit   .   (no helmet)
rElec    .         Reflect  +   (no cloak)
rCorr    +         Harm     .   (no gloves)
MR       .....                  (no boots)
Stlth    +.........             j - +5 amulet of reflection
HPRegen  0.20/turn              f - ring of flight {+Fly, !d}
MPRegen  0.13/turn              p - ring of resist corrosion

@: infused, very slightly contaminated
A: change form in water, swift swim, stealthy swim
a: Potion Petition, Call Merchant, Bribe Branch, Renounce Religion, Evoke Flight


You were on level 5 of the Dungeon.
You worshipped Gozag.
Gozag was pleased with you.
You were hungry.

You visited 1 branch of the dungeon, and saw 5 of its levels.
You also visited: Ossuary.

You collected 689 gold pieces.

Inventory:

Hand Weapons
 a - a +2 spear (weapon)
 C - a +0 trident
   (You took it off a gnoll sergeant on level 5 of the Dungeon)
Missiles
 x - 8 curare-tipped needles
Armour
 b - a +3 leather armour (worn)
 y - a +0 helmet
   (You found it on level 5 of the Dungeon)
 z - a +2 shield (worn)
   (You took it off a wight on level 5 of the Dungeon)
Jewellery
 f - a ring of flight (left hand) {+Fly, !d}
   (You found it on level 3 of the Dungeon)
 j - a +5 amulet of reflection (around neck)
   (You found it on level 1 of the Dungeon)
 p - a ring of resist corrosion (right hand)
   (You found it on level 3 of the Dungeon)
Wands
 B - a wand of enslavement (11)
   (You took it off Ijyb on level 5 of the Dungeon)
Scrolls
 e - 7 scrolls of remove curse
 l - 2 scrolls of immolation {!r}
 n - 2 scrolls of noise {!r}
 s - a scroll of teleportation
 u - 4 scrolls of identify
Potions
 c - 2 potions of flight
 i - 3 potions of invisibility {unknown}
 m - 2 potions of mutation {unknown}
 o - a potion of haste {unknown}
 q - a potion of brilliance
 r - 2 potions of lignification {unknown}
 v - a potion of resistance {unknown}
Comestibles
 d - 9 rations


   Skills:
 + Level 6.6 Fighting
 + Level 8.8 Polearms
 - Level 0.6 Armour
 - Level 2.6 Dodging
 + Level 1.0 Shields
 + Level 2.9 Spellcasting
 + Level 4.2 Charms
 + Level 1.7 Necromancy
 + Level 1.6 Translocations


You had 4 spell levels left.
You knew the following spells:

 Your Spells              Type           Power        Failure   Level  Hunger
a - Infusion              Chrm           ##..         32%         1    #......
b - Song of Slaying       Chrm           ##......     43%         2    ###....
c - Shroud of Golubria    Chrm/Tloc      #.........   63%         2    ###....
d - Regeneration          Chrm/Necr      #.........   85%         3    ###....


Dungeon Overview and Level Annotations

Branches:
Dungeon (5/15)             Temple (0/1) D:5

Altars:
Ashenzari
Dithmenos
Elyvilon
Gozag
Hepliaklqana
Okawaru
Ru
Uskayaw
Vehumet


Message History

The orc warrior is heavily wounded.
The orc warrior hits you with a long sword!
* * * LOW HITPOINT WARNING * * *
You feel better.
You feel better.
The orc warrior hits you with a long sword!
Your shield prevents you from hitting the orc warrior.
The orc warrior is heavily wounded.
You block the orc warrior's attack.
Your magical contamination has completely faded away.
The orc warrior blocks your attack.
The orc warrior is heavily wounded.
The orc warrior hits you with a long sword!
* * * LOW HITPOINT WARNING * * *
The orc warrior blocks your attack.
The orc warrior is heavily wounded.
The orc warrior blocks your attack.
The orc warrior is heavily wounded.
The orc warrior hits you but does no damage.
You barely miss the orc warrior.
The orc warrior is heavily wounded.
You block the orc warrior's attack.
You hit the orc warrior but do no damage.
The orc warrior is heavily wounded.
You hit the orc warrior.
The orc warrior is heavily wounded.
The orc warrior hits you but does no damage.
You feel better. You block the orc warrior's attack.
Casting: Infusion (safe; 34% risk of failure)
Confirm with . or Enter, or press ? or * to list all spells.
You begin infusing your attacks with magical energy.
You block the orc warrior's attack.
You puncture the orc warrior!
The orc warrior is almost dead.
The orc warrior hits you with a long sword!
* * * LOW HITPOINT WARNING * * *
You hit the orc warrior but do no damage.
The orc warrior is almost dead.
You block the orc warrior's attack. The orc warrior blocks your attack.
The orc warrior is almost dead.
You hit the orc warrior.
You kill the orc warrior!
Your Shields skill increases to level 1!
You now have 689 gold pieces (gained 5).
Things that are here:
a long sword; a chain mail; a shield
Things that are here:
a long sword; a chain mail; a shield Your magical infusion is running out.
Magic restored.
You are no longer magically infusing your attacks.
Key pressed, stopping explore.
Unknown command.
Key pressed, stopping explore.
Unknown command.
You start resting.
HP restored.
You start resting.
You are feeling hungry.
You start resting.
HP restored.
Things that are here:
a long sword; a chain mail; a shield
There is a stone staircase leading up, spattered with blood here.
Casting: Infusion (safe; 32% risk of failure)
Confirm with . or Enter, or press ? or * to list all spells.
You miscast Infusion.
You are very lightly contaminated with residual magic.
The air around you crackles with energy!
The orc warrior shouts!
The orc warrior hits you from afar with a trident of freezing!!
The orc warrior freezes you.
You hear a shout!
Casting: Infusion (safe; 32% risk of failure)
Confirm with . or Enter, or press ? or * to list all spells.
You miscast Infusion.
Your hands glow momentarily.
You block the orc warrior's attack.
An orc comes into view. It is wielding a club.
Casting: Infusion (safe; 32% risk of failure)
Confirm with . or Enter, or press ? or * to list all spells.
You begin infusing your attacks with magical energy.
You block the orc warrior's attack.
The orc warrior hits you from afar with a trident of freezing!
The orc warrior freezes you.
You closely miss the orc. You closely miss the orc. You block the orc's attack.
The orc warrior hits you from afar with a trident of freezing!
* * * LOW HITPOINT WARNING * * *
The orc warrior freezes you.
* * * LOW HITPOINT WARNING * * *
Okay, then.
As you read the scroll of enchant armour, it crumbles to dust.
Your +1 leather armour glows green for a moment.
You block the orc's attack. The orc warrior barely misses you.
As you read the scroll of enchant armour, it crumbles to dust.
Your +2 leather armour glows green for a moment.
The orc hits you with a club.
You die...
Your body crumbles into a pile of gold.

#.#..._.....# #.# #.
#.#._.......# #.# #.
#.....(.....##### #.# #.
#.._..⌠.._..#...###.##### #.
#.......................# ##
#[#._..._...#...###.###.#
#.#..[_.)...........# #.#
$#.#.....<...........###.####
..#.#....#.@o...[...........
..#.#.#.#####o..############
...#.#.#.# #...# ...#.#.#.#
#...# ##...#[#.#.# ##.## # #
#.#.#.# #.# ###. #.#.#.# #.#
........#)#.# #.###
.....####.#.# #.#.##


You could see an orc warrior and an orc.

Vanquished Creatures
  An orc warrior (D:5)
  An ogre (D:5)
  A phantom (D:5)
  A centaur (D:5)
  A gnoll sergeant (D:5)
  A scorpion (D:4)
  A wight (D:5)
  A bullfrog zombie (D:5)
  3 hounds
  A centaur skeleton (D:4)
  A human zombie (Ossuary)
  2 iguanas (D:5)
  A bullfrog skeleton (D:4)
  4 worker ants
  Ijyb (D:5)
  2 big kobold zombies (Ossuary)
  A hound zombie (D:5)
  4 mummies (Ossuary)
  A howler monkey zombie (D:5)
  6 adders
  A shadow imp (D:5)
  An adder skeleton (D:5)
  3 worms
  2 dart slugs
  2 leopard geckos
  5 orcs
  7 ball pythons
  7 bats
  2 giant cockroaches
  2 gnoll zombies (Ossuary)
  5 goblins
  4 hobgoblins
  12 jackals
  7 kobolds
  2 quokkas
  6 frilled lizards
  A goblin zombie (Ossuary)
  A hobgoblin zombie (Ossuary)
  An orc zombie (Ossuary)
  3 rats
109 creatures vanquished.

Notes
Turn   | Place    | Note
-------+----------+-------------------------------------------
     0 | D:1      | Mgcat the Merfolk Skald began the quest for the Orb.
     0 | D:1      | Reached XP level 1. HP: 16/16 MP: 3/3
   180 | D:1      | Reached XP level 2. HP: 18/23 MP: 5/5
   486 | D:1      | You fall through a shaft!
   508 | D:2      | HP: 3/23 [worm (6)]
   578 | D:2      | Reached skill level 3 in Fighting
   578 | D:2      | Reached skill level 4 in Polearms
   588 | D:2      | HP: 6/24 [ball python (1)]
   592 | D:2      | HP: 2/24 [jackal (3)]
   594 | D:2      | Reached XP level 3. HP: 2/29 MP: 6/6
  1110 | D:2      | Found a faded altar of an unknown god.
  1121 | D:2      | Reached XP level 4. HP: 35/35 MP: 7/7
  1127 | D:2      | Became a worshipper of Gozag Ym Sagoz the Greedy
  1475 | D:2      | Reached skill level 5 in Polearms
  1476 | D:2      | HP: 9/37 [frilled lizard (3)]
  1481 | D:2      | HP: 6/37 [poisoned by a worker ant]
  1671 | D:3      | Reached skill level 4 in Fighting
  1839 | D:3      | Reached XP level 5. HP: 35/42 MP: 8/8
  2313 | D:4      | Reached skill level 6 in Polearms
  2415 | D:4      | Found a sacrificial altar of Ru.
  2465 | D:4      | Found a sand-covered staircase.
  2584 | D:4      | Found a hide-covered altar of Uskayaw.
  2798 | D:4      | Reached skill level 5 in Fighting
  2798 | D:4      | Reached XP level 6. HP: 43/51 MP: 7/9
  2802 | D:4      | Learned a level 2 spell: Song of Slaying
  2805 | D:4      | Learned a level 2 spell: Shroud of Golubria
  2809 | D:4      | Learned a level 3 spell: Regeneration
  2972 | Ossuary  | Entered an ossuary
  3019 | Ossuary  | Reached skill level 7 in Polearms
  3442 | D:4      | Reached XP level 7. HP: 15/57 MP: 6/10
  3442 | D:4      | HP: 14/57 [poisoned by a scorpion]
  3707 | D:4      | Reached skill level 6 in Fighting
  3707 | D:4      | Reached skill level 8 in Polearms
  3977 | D:5      | Entered Level 5 of the Dungeon
  4374 | D:5      | Found a staircase to the Ecumenical Temple.
  4386 | D:5      | Found a radiant altar of Vehumet.
  4389 | D:5      | Found a shadowy altar of Dithmenos.
  4389 | D:5      | Found an iron altar of Okawaru.
  4391 | D:5      | Found a white marble altar of Elyvilon.
  4395 | D:5      | Found a shattered altar of Ashenzari.
  4395 | D:5      | Found a hide-covered altar of Uskayaw.
  4396 | D:5      | Found a hazy altar of Hepliaklqana.
  4517 | D:5      | Reached skill level 1 in Necromancy
  4517 | D:5      | Reached skill level 1 in Translocations
  4652 | D:5      | Reached XP level 8. HP: 41/65 MP: 9/11
  4780 | D:5      | Reached skill level 4 in Charms
  4813 | D:5      | Noticed Ijyb
  4852 | D:5      | Killed Ijyb
  5230 | D:5      | HP: 15/65 [orc warrior/long sword (9)]
  5234 | D:5      | HP: 6/65 [orc warrior/long sword (17)]
  5243 | D:5      | HP: 1/65 [orc warrior/long sword (14)]
  5246 | D:5      | Reached skill level 1 in Shields
  5580 | D:5      | HP: 7/65 [orc warrior/trident of freezing (15)]
  5580 | D:5      | HP: 2/65 [orc warrior/trident of freezing (5)]
  5582 | D:5      | Slain by an orc

Vault maps used:
D:1:      matt_arrival_grand_opening, hangedman_decor_clover_reticule
D:2:      chequers_ecumenical_altar_simple, minmay_shallow_snake_nest
D:4:      lemuel_doored_altar, nicolae_ossuary_entry_ruins, lemuel_tele_altar
D:5:      grunt_temple_overflow_open, minmay_temple_entry_steel_oval,
          first_ration, dk_noncrumbling_3, sword_in_stone, uniq_pikel, uniq_ijyb
Ossuary:  ossuary_crypta

Skill      XL: |  1  2  3  4  5  6  7  8 |
---------------+-------------------------+-----
Fighting       | 3 4 5 6 |  6.6
Polearms       | 4 5 6 7 8 |  8.8
Necromancy     | 1 |  1.7
Translocations | 1 |  1.6
Charms         | 4 |  4.2
Shields        | 1 |  1.0
Armour         | |  0.6
Dodging        | |  2.6
Spellcasting   | |  2.9

Action                   |  1- 3 |  4- 6 |  7- 9 || total
-------------------------+-------+-------+-------++-------
Melee: Spear             |   141 |   367 |   320 ||   828
 Cast: Infusion          |     2 |     5 |    12 ||    19
Invok: Potion Petition   |       |     1 |       ||     1
  Use: Potion            |     5 |     2 |     7 ||    14
       Scroll            |     1 |     5 |     8 ||    14
 Stab: Distracted        |       |     1 |       ||     1
       Sleeping          |       |       |     1 ||     1
  Eat: Chunk             |     1 |     1 |       ||     2
       Ration            |       |     2 |     2 ||     4
Armor: Leather armour    |    27 |    63 |    34 ||   124
Dodge: Dodged            |   109 |   152 |    73 ||   334
Block: Other             |    27 |    63 |    20 ||   110
       Reflection        |     1 |     1 |       ||     2
       Shield            |       |       |    58 ||    58

Table legend:
 A = Spawn XP
 B = Non-spawn XP
 C = Spawn XP percentage of total XP
 D = Spawn monster count
 E = Non-spawn monster count
 F = Spawn count percentage of total count
 G = Total turns spent on level
                    A         B        C        D         E        F      G
               +---------+---------+-------+---------+---------+-------+---------
         Total |       0 |    1639 |   0.0 |       0 |     109 |   0.0 |  5582
               +---------+---------+-------+---------+---------+-------+---------
           D:1 |       0 |      19 |   0.0 |       0 |      11 |   0.0 |   486
           D:2 |       0 |     113 |   0.0 |       0 |      29 |   0.0 |  1135
           D:3 |       0 |      50 |   0.0 |       0 |      20 |   0.0 |   650
           D:4 |       0 |     362 |   0.0 |       0 |      14 |   0.0 |  1418
           D:5 |       0 |     922 |   0.0 |       0 |      23 |   0.0 |  1500
       Ossuary |       0 |     173 |   0.0 |       0 |      12 |   0.0 |   393
               +---------+---------+-------+---------+---------+-------+---------

Vault maps used:
D:1:      matt_arrival_grand_opening, hangedman_decor_clover_reticule
D:2:      chequers_ecumenical_altar_simple, minmay_shallow_snake_nest
D:4:      lemuel_doored_altar, nicolae_ossuary_entry_ruins, lemuel_tele_altar
D:5:      grunt_temple_overflow_open, minmay_temple_entry_steel_oval,
          first_ration, dk_noncrumbling_3, sword_in_stone, uniq_pikel, uniq_ijyb
Ossuary:  ossuary_crypta

Table legend:
 A = Turns spent in this place as a percentage of turns spent in the entire game.
 B = Non-inter-level travel turns spent in this place as a percentage of non-inter-level travel turns spent in the entire game.
 C = Inter-level travel turns spent in this place as a percentage of turns spent in this place.
 D = Turns resting spent in this place as a percentage of non-inter-level travel turns spent in this place.
 E = Turns spent auto-exploring this place as a percentage of non-inter-level travel turns spent in this place.
 F = Non-inter-level travel turns spent in this place divided by the number of levels of this place that you've seen.
                   A       B       C       D       E      F
               +-------+-------+-------+-------+-------+----------------------
         Total | 100.0 | 100.0 |   2.2 |   4.9 |  69.0 | 909.8
       Dungeon |  93.0 |  92.8 |   2.4 |   5.3 |  70.2 | 1013.2
       Ossuary |   7.0 |   7.2 |   0.0 |   0.0 |  54.2 | 393.0
               +-------+-------+-------+-------+-------+----------------------

Table legend:
 A = Kills in this place as a percentage of kills in entire the game.
 B = Kills by you in this place as a percentage of kills by you in the entire game.
 C = Kills by friends in this place as a percentage of kills by friends in the entire game.
 D = Other kills in this place as a percentage of other kills in the entire game.
 E = Experience gained in this place as a percentage of experience gained in the entire game.
 F = Experience gained in this place divided by the number of levels of this place that you have seen.
                   A       B       C       D       E      F
               +-------+-------+-------+-------+-------+----------------------
         Total | 100.0 | 100.0 |   N/A |   N/A | 100.0 | 273.2
       Dungeon |  89.0 |  89.0 |   N/A |   N/A |  89.4 | 293.2
       Ossuary |  11.0 |  11.0 |   N/A |   N/A |  10.6 | 173.0
               +-------+-------+-------+-------+-------+----------------------
